 Dungeon Crawl Stone Soup version 0.28-a0-1241-gf280a0fbb2 (webtiles) character file.

Game seed: 6359119803814204703

57 Gargoyl the Skirmisher (level 4, -1/41 HPs)
             Began as a Gnoll Abyssal Knight on Dec 26, 2021.
             Was a Follower of Lugonu.
             Slain by Crazy Yiuf (8 damage)
             ... on level 2 of the Dungeon.
             The game lasted 00:02:07 (1241 turns).

Gargoyl the Skirmisher (Gnoll Abyssal Knight)       Turns: 1241, Time: 00:02:08

Health: -1/41      AC: 10    Str: 12    XL:     4   Next: 0%
Magic:  7/7        EV:  6    Int:  7    God:    Lugonu [*.....]
Gold:   30         SH:  0    Dex: 18    Spells: 5/5 levels left

rFire   x . .      SeeInvis .   d - +2 hand axe (vorpal)
rCold   + + +      Faith    .   (no shield)
rNeg    . . .      Spirit   .   g - +0 chain mail
rPois   .          Reflect  .   c - +0 helmet "Ylosuq" {rF- rC+++ Dex+5}
rElec   .          Harm     .   (no cloak)
rCorr   .          Rampage  .   (no gloves)
Will    .....                   (no boots)
Stlth   ..........              (no amulet)
HPRegen 0.93/turn               (no ring)
MPRegen 0.10/turn               (no ring)

@: lethally poisoned (-1 -> -3), attractive
A: fangs 1, strong nose, distributed training, dopey 1, regeneration 1, weak 1,
wild magic 1
a: Renounce Religion, Depart the Abyss


You were on level 2 of the Dungeon.
You worshipped Lugonu.
Lugonu was aware of your devotion.
You visited 1 branch of the dungeon, and saw 2 of its levels.
You visited the Abyss 1 time.

You collected 30 gold pieces.

Inventory:

Hand Weapons
 a - a +1 hand axe
 d - a +2 vorpal hand axe (weapon)
Armour
 c - the +0 helmet "Ylosuq" (worn) {rF- rC+++ Dex+5}
   (You found it on level 2 of the Abyss)

   Dex:       It affects your dexterity (+5).
   rF:        It makes you vulnerable to fire.
   rC:        It renders you almost immune to cold.
 g - a +0 chain mail (worn)
Scrolls
 e - a scroll of vulnerability {unknown}
 f - a scroll of summoning {unknown}
 h - a scroll of brand weapon {unknown}


   Skills:
 + Level 6.5 Fighting
 + Level 1.0 Short Blades
 + Level 1.0 Long Blades
 + Level 4.6 Axes
 + Level 1.0 Maces & Flails
 + Level 1.0 Polearms
 + Level 1.0 Staves
 + Level 1.0 Slings
 + Level 1.0 Bows
 + Level 1.0 Crossbows
 + Level 1.0 Throwing
 + Level 4.6 Armour
 + Level 2.7 Dodging
 + Level 1.0 Stealth
 + Level 1.0 Shields
 + Level 1.0 Unarmed Combat
 + Level 1.0 Spellcasting
 + Level 0.7 Conjurations
 + Level 0.7 Hexes
 + Level 0.7 Summonings
 + Level 0.7 Necromancy
 + Level 0.7 Translocations
 + Level 0.7 Transmutations
 + Level 0.7 Fire Magic
 + Level 0.7 Ice Magic
 + Level 0.7 Air Magic
 + Level 0.7 Earth Magic
 + Level 0.7 Poison Magic
 + Level 4.6 Invocations
 + Level 1.0 Evocations


You had 5 spell levels left.
You didn't know any spells.
Your spell library contained the following spells:

 Spells                   Type           Power      Damage    Failure   Level
 Sublimation of Blood     Necr           1%         N/A       100%        2
 Wereblood                Tmut           1%         N/A       100%        2
 Summon Hydra             Summ           0%         N/A       100%        7


Dungeon Overview and Level Annotations

Branches:
Dungeon (2/15)

Altars:
The Shining One

Shops:
D:1 ?

Annotations:
D:2 Crazy Yiuf


Innate Abilities, Weirdness & Mutations

You have very sharp teeth.
Your uncanny sense of smell can sniff out nearby items.
Your experience applies equally to all skills.
You are dopey. (Int -2)
Your natural rate of healing is unusually fast.
You are weak. (Str -2)
Your spells are a little harder to cast, but a little more powerful.


Message History

h - a scroll labelled VULIAK ARUY A bat comes into view.
The bat barely misses you.
You hit the bat.
You kill the bat!
Lugonu accepts your kill.
You have reached level 4!
You feel agile.
Found a stone staircase leading down.
You see here a bat corpse.
You now have 30 gold pieces (gained 13).
Found three maces.
Found a runed translucent door.
Crazy Yiuf shouts!
Crazy Yiuf says, "Walk testudinal snail!"
Found a mace.
You open the door. You barely miss Crazy Yiuf.
Crazy Yiuf hits you with a +3 quarterstaff of chaos.
You are electrocuted!
You completely miss Crazy Yiuf. You bite Crazy Yiuf, but do no damage.
Crazy Yiuf zaps a wand.
The puff of flame hits you! The fire burns you terribly!
* * * LOW HITPOINT WARNING * * *
Crazy Yiuf drinks a potion.
Crazy Yiuf seems to grow stronger.
You hit Crazy Yiuf.
Crazy Yiuf is lightly wounded.
Crazy Yiuf screams, "Goldfish!"
Crazy Yiuf hits you but does no damage.
You are poisoned.
You hit Crazy Yiuf.
Crazy Yiuf is moderately wounded.
You feel very sick.
Crazy Yiuf zaps a wand.
The puff of flame hits you but does no damage.
The now-empty wand crumbles to dust.
It was a potion of attraction.
You feel attractive to monsters.
You feel sick.
Crazy Yiuf hits you with a +3 quarterstaff of chaos!
You die...

##.#...###...........#.#
#...... #.#####
#...........#.# #......
#.#### #...........#.#
#...[.. #....#
############### ##..)..
#....# #..)_.
#....####♣♣♣♣♣ ##....
##.#####....♣.♣♣♣ ###
#....
.............♣..♣#.).#
##..##
.....#......♣♣♣♣@g...#
#...# .....##....♣♣
♣♣#)))# #.).#
##########♣♣ ### #...#
#####...## #.........
### ###########...##
#########.# #..##.#
#...# ........#.#
##.##.# #...#
........#.# #.##.# #...#


You could see Crazy Yiuf (strong).

Vanquished Creatures
  3 adders (D:2)
  A dart slug (D:1)
  4 endoplasms
  3 giant cockroaches
  5 goblins
  A kobold (D:2)
  2 ball pythons (D:1)
  3 bats
  2 frilled lizards
  3 rats (D:1)
27 creatures vanquished.

Vanquished Creatures (others)
  A lurking horror (Abyss:2)
1 creature vanquished.

Grand Total: 28 creatures vanquished

Notes
Turn   | Place    | Note
-------+----------+-------------------------------------------
     0 | Abyss:1  | Gargoyl the Gnoll Abyssal Knight began the quest for the
                  | Orb.
     0 | Abyss:1  | Reached XP level 1. HP: 23/23 MP: 3/3
    35 | Abyss:1  | Found a corrupted altar of Lugonu.
    68 | Abyss:1  | Gained mutation: You are dopey. (Int -2) [potion of
                  | mutation]
    68 | Abyss:1  | Gained mutation: Your natural rate of healing is unusually
                  | fast. [potion of mutation]
    68 | Abyss:1  | Gained mutation: You are weak. (Str -2) [potion of
                  | mutation]
    68 | Abyss:1  | Gained mutation: Your spells are a little harder to cast,
                  | but a little more powerful. [potion of mutation]
   132 | Abyss:2  | Noticed a small abomination
   140 | Abyss:2  | Noticed a ynoxinul
   156 | Abyss:2  | Identified the +0 helmet "Ylosuq" {rF- rC+++ Dex+5}
   156 | Abyss:2  | Noticed an apocalypse crab
   158 | D:1      | Escaped the Abyss
   332 | D:1      | Reached * piety under Lugonu
   333 | D:1      | Reached XP level 2. HP: 29/29 MP: 5/5
   374 | D:1      | Found Sareq's Magic Scroll Shoppe.
   596 | D:1      | Found a faded altar of an unknown god.
   892 | D:2      | Reached XP level 3. HP: 35/35 MP: 6/6
  1041 | D:2      | Reached skill level 1 in Short Blades
  1041 | D:2      | Reached skill level 1 in Long Blades
  1041 | D:2      | Reached skill level 1 in Maces & Flails
  1041 | D:2      | Reached skill level 1 in Polearms
  1041 | D:2      | Reached skill level 1 in Staves
  1041 | D:2      | Reached skill level 1 in Slings
  1041 | D:2      | Reached skill level 1 in Bows
  1041 | D:2      | Reached skill level 1 in Crossbows
  1041 | D:2      | Reached skill level 1 in Throwing
  1041 | D:2      | Reached skill level 1 in Stealth
  1041 | D:2      | Reached skill level 1 in Shields
  1041 | D:2      | Reached skill level 1 in Unarmed Combat
  1041 | D:2      | Reached skill level 1 in Spellcasting
  1041 | D:2      | Reached skill level 1 in Evocations
  1044 | D:2      | Found a glowing golden altar of the Shining One.
  1187 | D:2      | Reached XP level 4. HP: 41/41 MP: 7/7
  1232 | D:2      | Found a runed translucent door.
  1233 | D:2      | Noticed Crazy Yiuf
  1241 | D:2      | Slain by Crazy Yiuf

Illustrated notes

Levels and vault maps discovered:
D:1:      heliophobic_arrival_ceremonial_halls, layout_basic, serial_shops,
          shop, shapermc_ecumenical_altar_notcrosses
D:2:      layout_basic, basic_altar, uniq_crazy_yiuf_cottage

Skill      XL: |  1  2  3 |
---------------+----------+-----
Short Blades   | 1 |  1.0
Long Blades    | 1 |  1.0
Maces & Flails | 1 |  1.0
Polearms       | 1 |  1.0
Staves         | 1 |  1.0
Slings         | 1 |  1.0
Bows           | 1 |  1.0
Crossbows      | 1 |  1.0
Throwing       | 1 |  1.0
Stealth        | 1 |  1.0
Shields        | 1 |  1.0
Unarmed Combat | 1 |  1.0
Spellcasting   | 1 |  1.0
Evocations     | 1 |  1.0
Fighting       | |  6.5
Axes           | |  4.6
Armour         | |  4.6
Dodging        | |  2.7
Conjurations   | |  0.7
Hexes          | |  0.7
Summonings     | |  0.7
Necromancy     | |  0.7
Translocations | |  0.7
Transmutations | |  0.7
Fire Magic     | |  0.7
Ice Magic      | |  0.7
Air Magic      | |  0.7
Earth Magic    | |  0.7
Poison Magic   | |  0.7
Invocations    | |  4.6

Action                   |  1- 3 |  4- 6 || total
-------------------------+-------+-------++-------
Melee: Hand axe          |    55 |     4 ||    59
       Bite              |     3 |     1 ||     4
Invok: Depart the Abyss  |     1 |       ||     1
  Use: Potion            |     3 |     1 ||     4
       Scroll            |     1 |       ||     1
Armor: Leather armour    |    10 |       ||    10
       Scale mail        |    14 |       ||    14
       Chain mail        |     2 |     2 ||     4
Dodge: Dodged            |    42 |       ||    42

Table legend: (Time is in decaauts)
 A = Elapsed time spent in this place.
 B = Non-inter-level travel time spent in this place.
 C = Inter-level travel time spent in this place.
 D = Time resting spent in this place.
 E = Time spent auto-exploring this place.
 F = Levels seen in this place.
 G = Mean time per level.
                   A        B        C        D        E       F      G
               +--------+--------+--------+--------+--------+-----+--------+
         Total |   1244 |   1240 |      4 |      0 |    912 |   4 |  311.0 |
       Dungeon |   1086 |   1082 |      4 |      0 |    828 |   2 |  543.0 |
         Abyss |    157 |    157 |      0 |      0 |     84 |   2 |   78.5 |
               +--------+--------+--------+--------+--------+-----+--------+

Top non-repeatable levels by time:
     D:2: 582 daAuts
     D:1: 504 daAuts
 Abyss:2: 85 daAuts
 Abyss:1: 72 daAuts
